 Dungeon Crawl Stone Soup version 0.30-a0-1066-g63dfefce0d (webtiles) character file.

Game seed: 3254330269527608257

123 Dittersdorf the Trooper (level 5, -7/33 HPs)
             Began as a Gargoyle Fighter on Apr 12, 2023.
             Was an Initiate of Okawaru.
             Mangled by a black bear (10 damage)
             ... on level 4 of the Dungeon.
             The game lasted 00:04:21 (3287 turns).

Dittersdorf the Trooper (Gargoyle Fighter)          Turns: 3287, Time: 00:04:21

Health: -7/33      AC: 14    Str: 21    XL:     5   Next: 7%
Magic:  14/14      EV:  7    Int:  9    God:    Okawaru [......]
Gold:   209        SH:  4    Dex:  9    Spells: 4/4 levels left

rFire   . . .      SeeInvis .    a - +0 flail
rCold   . . .      Faith    +    c - +0 buckler
rNeg    + . .      Spirit   .    w - +0 chain mail
rPois   ∞          Reflect  .    (no helmet)
rElec   +          Rampage  .    (no cloak)
rCorr   .                        b - +0 pair of gloves
Will    .....                    (no boots) Stlth
                                 m - amulet of faith
HPRegen 0.25/turn                e - ring of magical power
MPRegen 0.14/turn                o - ring of wizardry

@: no status effects
A: sickness immunity, AC +4, negative energy resistance 1, electricity
resistance, torment resistance 1, petrification resistance
a: Renounce Religion


You were on level 4 of the Dungeon.
You worshipped Okawaru.
Okawaru was noncommittal.
You visited 2 branches of the dungeon, and saw 5 of its levels.

You collected 209 gold pieces.

Inventory:

Hand Weapons
 a - a +0 flail (weapon)
Missiles
 k - 2 poisoned darts (quivered)
 v - 2 throwing nets
Armour
 b - a +0 pair of gloves (worn)
 c - a +0 buckler (worn)
 w - a +0 chain mail (worn)
Jewellery
 e - a ring of magical power (left hand)
 m - an amulet of faith (around neck)
 o - a ring of wizardry (right hand)
Scrolls
 g - 3 scrolls of fog
 l - a scroll of brand weapon {unknown}
 n - a scroll of noise {unknown}
 p - 2 scrolls of fear {unknown}
 s - a scroll of enchant armour {unknown}
 u - a scroll of immolation {unknown}
Potions
 d - a potion of might
 f - 2 potions of curing {unknown}
 h - a potion of brilliance {unknown}
 q - a potion of haste
 t - a potion of mutation


   Skills:
 + Level 4.2 Fighting
 + Level 3.0 Maces & Flails
 + Level 4.1 Armour
 + Level 4.1 Shields


You had 4 spell levels left.
You didn't know any spells.
Your spell library was empty.

Dungeon Overview and Level Annotations

Branches:
Dungeon (4/15)             Temple (1/1) D:4

Altars:
Gozag
Okawaru
Qazlal
Ru
Sif Muna
Trog
Wu Jian
Xom
Yredelemnul
Zin
The Shining One

Shops:
D:3 :   D:4 [


Innate Abilities, Weirdness & Mutations

You are immune to sickness and miasma.
Your stone body is resilient. (AC +4)
You are immune to poison.
You resist negative energy. (rN+)
You are resistant to electric shocks. (rElec)
You are resistant to unholy torment.
You are immune to petrification.


Message History

The black bear bites you. You block the black bear's attack.
The black bear claws you but does no damage.
The black bear bites you. The black bear completely misses you.
The black bear claws you but does no damage.
You are too injured to fight recklessly!
You are too injured to fight recklessly!
You are too injured to fight recklessly!
You are too injured to fight recklessly!
You are too injured to fight recklessly!
You are too injured to fight recklessly!
You are too injured to fight recklessly!
You are too injured to fight recklessly!
You are too injured to fight recklessly!
You are too injured to fight recklessly!
You are too injured to fight recklessly!
You are too injured to fight recklessly!
You are too injured to fight recklessly!
You are too injured to fight recklessly!
You are too injured to fight recklessly!
You are too injured to fight recklessly!
You are too injured to fight recklessly!
You are too injured to fight recklessly!
You are too injured to fight recklessly!
You hit the black bear.
The black bear is severely wounded.
The black bear goes berserk!
You hit the black bear but do no damage.
The black bear is severely wounded.
The black bear bites you. You block the black bear's attack.
The black bear claws you.
* * * LOW HITPOINT WARNING * * *
The black bear bites you.
* * * LOW HITPOINT WARNING * * *
The black bear claws you but does no damage.
You block the black bear's attack.
You hit the black bear.
The black bear is almost dead.
The black bear closely misses you. x2; The black bear barely misses you.
The black bear bites you!
You die...

## ####.#. ##.....#)
#..#+#.#B #.##.###+
#h#5..+.# #@##.###+
###########..#####J
#......"........#sB?.
....>.....###...#o...
#........##.....##(B# .
#........##......##
.######...###.##.......$
........###..........###
..............##.....##


You could see a black bear (berserk), a scorpion, an orc, an ufetubus, an
endoplasm and 2 giant cockroaches.

Vanquished Creatures
  3 adders
  3 worms
  5 dart slugs
  6 orcs
  7 ball pythons
  3 endoplasms
  3 giant cockroaches
  4 goblins
  4 hobgoblins
  6 jackals (D:3)
  3 quokkas
  4 bats
  A frilled lizard (D:1)
  7 kobolds
  11 rats
70 creatures vanquished.

Notes
Turn   | Place    | Note
-------+----------+-------------------------------------------
     0 | D:1      | Dittersdorf the Gargoyle Fighter began the quest for the
                  | Orb.
     0 | D:1      | Reached XP level 1. HP: 14/14 MP: 1/1
   220 | D:1      | Reached XP level 2. HP: 16/19 MP: 2/2
   502 | D:1      | Reached XP level 3. HP: 18/23 MP: 3/3
   733 | D:1      | You fall into a shaft and drop 1 floor!
  1627 | D:3      | Found a faded altar of an unknown god.
  1787 | D:3      | Reached XP level 4. HP: 29/29 MP: 4/4
  1983 | D:3      | Identified the +4 plate armour of Xodon {Contam rElec
                  | Dex+4}
  2332 | D:3      | Found Xengest's Book Shoppe.
  2941 | D:4      | Found a staircase to the Ecumenical Temple.
  2962 | Temple   | Entered the Ecumenical Temple
  3017 | Temple   | Became a worshipper of Warmaster Okawaru
  3120 | D:4      | Found Qokif's Antique Armour Shoppe.
  3163 | D:4      | Reached XP level 5. HP: 33/33 MP: 5/5
  3212 | D:4      | Noticed an angel
  3213 | D:4      | Found a glowing silver altar of Zin.
  3215 | D:4      | Found a shimmering altar of Xom.
  3268 | D:4      | Noticed a black bear
  3287 | D:4      | Mangled by a black bear

Illustrated notes

Levels and vault maps discovered:
D:1:      lightli_arrival_boilingwater, layout_basic, minmay_rat_gold_closets
D:2:      layout_basic, minmay_hexomino_p4
D:3:      layout_basic, serial_shops, shop_fountains,
          nicolae_ecumenical_pavilion
D:4:      layout_rooms, grunt_temple_overflow_order_and_chaos_1,
          minmay_temple_entry_tees, serial_shops, nicolae_stop_n_shop_1,
          chequers_serial_rivers_micro_c, minmay_joined_circles
Temple:   nicolae_temple_bog_church

Skill      XL: |  1  2  3  4 |
---------------+-------------+-----
Fighting       | 4 |  4.2
Shields        | 4 |  4.1
Armour         | 4 |  4.1
Maces & Flails | 3 |  3.0

Action                     |  1- 3 |  4- 6 || total
---------------------------+-------+-------++-------
  Melee: Flail             |   118 |   148 ||   266
    Use: Scroll            |       |     7 ||     7
 Armour: Scale mail        |    66 |    48 ||   114
         Chain mail        |       |    54 ||    54
  Dodge: Dodged            |    58 |    77 ||   135
  Block: Buckler           |    34 |    44 ||    78

Table legend: (Time is in decaauts)
 A = Elapsed time spent in this place.
 B = Non-inter-level travel time spent in this place.
 C = Inter-level travel time spent in this place.
 D = Time resting spent in this place.
 E = Time spent auto-exploring this place.
 F = Levels seen in this place.
 G = Mean time per level.
                   A        B        C        D        E       F      G
               +--------+--------+--------+--------+--------+-----+--------+
         Total |   3371 |   3115 |    256 |    115 |   2339 |   5 |  674.2 |
       Dungeon |   3290 |   3069 |    221 |    115 |   2301 |   4 |  822.5 |
        Temple |     81 |     47 |     34 |      0 |     37 |   1 |   81.0 |
               +--------+--------+--------+--------+--------+-----+--------+

Top non-repeatable levels by time:
     D:3: 1241 daAuts
     D:2: 874 daAuts
     D:1: 862 daAuts
     D:4: 312 daAuts
  Temple: 81 daAuts
